 Dungeon Crawl Stone Soup version 0.28.0-53-g5a82cb258f (webtiles) character file.

Game seed: 10702792277322040619

4 nshep25 the Grave Robber (level 1, 0/13 HPs)
             Began as a Vampire Necromancer on July 18, 2022.
             Slain by a jackal (1 damage)
             ... on level 1 of the Dungeon.
             The game lasted 00:03:45 (52 turns).

nshep25 the Grave Robber (Vampire Necromancer)        Turns: 52, Time: 00:03:46

Health: 0/13       AC:  2    Str:  7    XL:     1   Next: 50%
Magic:  0/3        EV: 12    Int: 17    God:
Gold:   0          SH:  0    Dex: 14    Spells: 2/4 levels left

rFire   . . .      SeeInvis +   b - +0 whip
rCold   . . .      Faith    .   (no shield)
rNeg    . . .      Spirit   .   a - +0 robe
rPois   .          Reflect  .   (no helmet)
rElec   .          Harm     .   (no cloak)
rCorr   .          Rampage  .   (no gloves)
Will    .....                   (no boots)
Stlth   ++........              (no amulet)
HPRegen 0.24/turn               (no ring)
MPRegen 0.08/turn               (no ring)

@: about to teleport, healing quickly
A: alive, fangs 3, see invisible, vampiric 1
a: Exsanguinate


You were on level 1 of the Dungeon.
You visited 1 branch of the dungeon, and saw 1 of its levels.

Inventory:

Hand Weapons
 b - a +0 whip (weapon)
Armour
 a - a +0 robe (worn)
Potions
 c - a potion of curing {unknown}


   Skills:
 + Level 2.1 Dodging
 + Level 3.0 Stealth
 + Level 2.0 Spellcasting
 + Level 4.6 Necromancy


You had 2 spell levels left.
You knew the following spells:

 Your Spells              Type           Power      Damage    Failure   Level
a - Pain                  Necr           68%        1d7       2%          1
b - Animate Skeleton      Necr           34%        N/A       2%          1

Your spell library contained the following spells:

 Spells                   Type           Power      Damage    Failure   Level
 Vampiric Draining        Necr           17%        2d7       9%          3
 Animate Dead             Necr           8%         N/A       28%         4
 Agony                    Necr           17%        N/A       61%         5


Dungeon Overview and Level Annotations

Branches:
Dungeon (1/15)

Altars:


Innate Abilities, Weirdness & Mutations

Your natural rate of healing is accelerated.
You have razor-sharp teeth.
You have supernaturally acute eyesight. (SInv)
You are afflicted with vampirism.


Message History

An endoplasm comes into view.
The jackal closely misses you. The jackal closely misses you.
The jackal closely misses you. The jackal misses you.
The jackal barely misses you.
A goblin comes into view. It is wielding a +0 club.
Found a scroll labelled KOZEIKU LAOFF.
The jackal barely misses you. The jackal bites you.
The jackal bites you but does no damage. x2
The kobold hits you but does no damage. The jackal bites you.
The kobold misses you. The jackal barely misses you.
The jackal bites you but does no damage.
The jackal bites you.
Casting: Pain (safe; 3% risk of failure)
Confirm with . or Enter, or press ? or * to list all spells.
Aiming: Pain (safe; 3% risk of failure)
Press: ? - help, Shift-Dir - straight line, f - kobold
Aim: a kobold, wielding a +0 short sword and quivering stones (chance to affect: 87%)
The kobold barely resists.
The jackal closely misses you.
The jackal bites you but does no damage.
The kobold hits you with a +0 short sword.
Casting: Pain (safe; 3% risk of failure)
Confirm with . or Enter, or press ? or * to list all spells.
Aiming: Pain (safe; 3% risk of failure)
Press: ? - help, Shift-Dir - straight line, f/p - kobold
Aim: a kobold, wielding a +0 short sword and quivering stones (chance to affect: 87%)
The kobold writhes in agony.
You kill the kobold!
The jackal bites you.
* * * LOW HITPOINT WARNING * * *
The jackal barely misses you. The jackal closely misses you.
Casting: Pain (safe; 2% risk of failure)
Confirm with . or Enter, or press ? or * to list all spells.
You don't have enough magic to cast this spell.
The jackal closely misses you.
As you read the scroll labelled KOZEIKU LAOFF, it crumbles to dust.
You feel strangely unstable.
It was a scroll of teleportation.
The jackal bites you.
You die... ♣P.P♣P♣PPPPPPP♣#.#

♣PP.♣P.P♣P♣P.♣#.#
################.###
...................# #
.......<...........####.##
..........................
################J....#####


.P.PPPPP♣..P♣ #hh.### P.P♣PPPP.P.P♣ #@..# P♣♣♣PP.♣P♣.PPP #?..# .
P♣PP.♣P..P♣P##### PPP.♣PPPPPPP You could see an endoplasm and 2 jackals.

Vanquished Creatures
  2 jackals (D:1)
  A kobold (D:1)
3 creatures vanquished.

Notes
Turn   | Place    | Note
-------+----------+-------------------------------------------
     0 | D:1      | nshep25 the Vampire Necromancer began the quest for the
                  | Orb.
     0 | D:1      | Reached XP level 1. HP: 13/13 MP: 3/3
     2 | D:1      | Learned a level 1 spell: Animate Skeleton
    52 | D:1      | Slain by a jackal

Illustrated notes

Levels and vault maps discovered:
D:1:      minmay_arrival_arboretum_large, layout_loops_ring,
          palyth_stone_intersect, minmay_split_cup_large

Action                   || total
-------------------------++-------
Melee: Whip              ||     5
       Bite              ||     1
 Cast: Pain              ||     5
  Use: Scroll            ||     1
Armor: Robe              ||     8
Dodge: Dodged            ||    18
